[Event "AI Cup Div-2 2023"]
[Site "Online"]
[Date "2023.09.26"]
[Round "2.1"]
[White "Fedoseev, Vladimir"]
[Black "Keymer, Vincent"]
[Result "1-0"]
[ECO "E46"]
[WhiteElo "2683"]
[BlackElo "2717"]
[Annotator "TA"]
[PlyCount "149"]
[EventDate "2023.09.18"]
[EventType "k.o."]
[EventCountry "NET"]
[SourceTitle "playchess.com"]
[Source "ChessBase"]
[SourceQuality "1"]
[TimeControl "900+3"]

1. d4 Nf6 2. c4 e6 3. Nc3 Bb4 4. e3 O-O 5. Nge2 Re8 6. Ng3 {[%emt 0:00:02] E46: Nimzo-Indian: Rubinstein: 4 e3 0-0 5 Ne2 without early Bd3.} d5 7. Be2 b6 8. O-O {[%emt 0:00:11] The position is equal.} Bb7 9. a3 Bf8 10. b4 {[%emt 0:00:26] [#]} dxc4 $146 ({Predecessor:} 10... Nbd7 11. Qb3 c6 12. Rd1 a5 13. Bd2 axb4 14. axb4 Qe7 15. cxd5 exd5 16. Qc2 g6 {½-½ Aleksandrov,A (2577)-Le,Q (2708) FIDE World Cup 2019 (1.2)}) 11. Bxc4 c5 12. bxc5 bxc5 13. dxc5 Nbd7 14. Bb2 Nxc5 15. Qe2 Qb6 16. Rab1 Red8 17. Nb5 Be7 (17... Nfe4 $5 18. Bd4 Rac8 $11) 18. Be5 {[%emt 0:01:07] And now Nd4 would win.} Qc6 19. f4 {[%emt 0:00:55] Active counter play!} a6 20. Nd4 Qe8 {[%emt 0:00:00] [#]} (20... Qd7 $11) 21. f5 (21. Rxb7 $1 $16 Nxb7 22. f5) 21... Bd5 $11 22. fxe6 fxe6 23. e4 Bxc4 24. Qxc4 Rac8 (24... Ng4 $15 25. Bf4 (25. Nxe6 $2 Nxe5 26. Qa2 Nxe6 $19) (25. Bxg7 $2 Kxg7 26. h3 Ne5 $19) 25... Kh8) 25. Ngf5 $36 {[%emt 0:00:22][%mdl 2048] White is pushing.} (25. Nxe6 $2 Qf7 26. Bxf6 gxf6 $17) (25. Ndf5 $5) 25... Kh8 26. Nxg7 Kxg7 27. Rb6 {[%emt 0:00:14] Hoping for Rxe6.} (27. Nxe6+ $2 Nxe6 28. Qe2 Rc6 $19) 27... Qg6 $2 (27... Ncd7 $11 {and Black stays safe.} 28. Qxe6 (28. Nxe6+ Kh8 $17) 28... Nxe5 29. Qxe5 Bc5 30. Qxf6+ Kg8 31. Qg5+ Kh8 32. Qf6+ (32. Rxa6 $2 Bxd4+ 33. Kh1 Qxe4 $19) 32... Kg8 33. Qg5+ Kh8 34. Qf6+ (34. Rxa6 $2 Bxd4+ 35. Kh1 Qxe4 $19) 34... Kg8) 28. Rxe6 Nxe6 29. Qxe6 Qf7 {[%emt 0:00:01] aiming for ...Qxe6.} 30. Nf5+ (30. Qxa6 Kh8 $11) 30... Kf8 31. Qxe7+ {[%emt 0:00:09][%mdl 64] Remove Defender} (31. Qxa6 Bc5+ $15) 31... Qxe7 32. Nxe7 Kxe7 33. Bxf6+ (33. Rxf6 $2 {too greedy.} Rd2 34. h3 Rcc2 $19) 33... Ke6 {[%emt 0:00:09] Threatens to win with ...Rd3.} 34. Bxd8 Rxd8 $18 {[%emt 0:00:01][%mdl 4096] Endgame KR-KR} 35. Rf5 Rd1+ 36. Kf2 Rd2+ 37. Kf1 Rd1+ 38. Ke2 Rd4 39. Ra5 Rxe4+ (39... Rd6 $142 40. h4 Ke7) 40. Kf3 Rc4 41. Rxa6+ Kf5 {[%emt 0:00:00] [#]} 42. g4+ $1 Kg5 (42... Ke5 43. Ra5+) 43. Ra5+ Kg6 44. Kg3 Rc6 45. a4 h6 46. Kh4 Rd6 47. h3 Rd3 48. Ra6+ (48. Rb5 $142 Ra3 49. a5) 48... Kg7 49. a5 $2 (49. Ra7+ $18 Kg6 50. a5) 49... Ra3 $11 50. Ra8 {[%emt 0:00:03] Ra6 is the strong threat.} Kg6 $1 51. Ra6+ Kg7 $1 52. g5 hxg5+ 53. Kxg5 $2 (53. Kg4 $11 Kf7 54. Ra8 (54. Kxg5 Rxh3 55. Ra8 Ra3 $18)) 53... Rxh3 54. Ra7+ $2 (54. Rg6+ $11 Kf7 55. Rh6) 54... Kf8 55. a6 $2 (55. Kf6 $11 Ke8 56. Ke6 Rh6+ 57. Kd5) 55... Ra3 56. Ra8+ $2 (56. Kf5 $11 Ke8 57. Ke6) 56... Kf7 $2 {[%emt 0:00:05][%mdl 8192] Black is on the road to losing.} (56... Kg7 $11 57. Kf4 Ra5) 57. Kf5 {[%emt 0:00:03] White mates.} Ra5+ 58. Ke4 Kg7 59. Kd4 Kh7 60. Kc4 Kg7 61. Kb4 Ra1 62. Kb5 Rf1 63. Rc8 (63. a7 Rb1+ 64. Kc6 Ra1 $11) 63... Rb1+ 64. Ka5 Ra1+ 65. Kb6 Rb1+ 66. Ka7 Kf6 67. Rb8 Rh1 68. Rb6+ Ke5 69. Rc6 Rb1 70. Rb6 Rh1 71. Rb5+ Kd4 72. Kb6 Kc4 73. a7 Rh6+ 74. Ka5 Rh1 75. Rb4+ {[%emt 0:00:02] An entertaining game by Fedoseev.   Weighted Error Value: White=0.12 (very precise) /Black=0.35} ({And not} 75. a8=R Ra1+ 76. Kb6 Rxa8 77. Rc5+ Kd4 $11) 1-0

[Event "AI Cup Div-2 2023"]
[Site "Online"]
[Date "2023.09.26"]
[Round "2.2"]
[White "Dominguez Perez, Leinier"]
[Black "Andreikin, Dmitry"]
[Result "0-1"]
[ECO "C10"]
[WhiteElo "2745"]
[BlackElo "2729"]
[Annotator "TA"]
[PlyCount "98"]
[EventDate "2023.09.18"]
[EventType "k.o."]
[EventCountry "NET"]
[SourceTitle "playchess.com"]
[Source "ChessBase"]
[SourceQuality "1"]
[TimeControl "900+3"]

1. e4 e6 2. d4 d5 3. Nc3 Nc6 4. Nf3 Nf6 5. e5 Ne4 6. Ne2 Bd7 {[%emt 0:00:17] C10: French with 3 Nc3: Unusual Black 3rd moves and 3...dxe4.} 7. Ng3 f5 8. exf6 Nxf6 {[%emt 0:00:07] [#] White is slightly better.} 9. Ne5 $146 ({Predecessor:} 9. Bd3 Bd6 10. O-O O-O 11. Re1 h6 12. c3 Ne7 13. Ne5 c5 14. Nh5 cxd4 15. cxd4 Bxe5 16. Rxe5 {½-½ Degraeve,J (2540)-Kovacevic,V (2492) Mitropa Cup 20st 2000 (5)}) 9... Bd6 10. f4 Ne7 11. Bd3 c5 12. dxc5 Bxc5 13. Qe2 (13. Nh5 $5 O-O 14. Nxf6+ {[%mdl 64] Remove Defender} Rxf6 15. Qh5 $11) 13... Qb6 14. a4 O-O 15. a5 Qc7 16. Bd2 (16. Be3 $11 {is superior.} Bxe3 17. Qxe3) 16... Nc6 $15 17. Nxc6 (17. Nxd7 $15 Qxd7 18. Bc3) 17... bxc6 $17 {[%emt 0:00:04] Black converts the advantage convincingly.} ({Much weaker is} 17... Qxc6 $6 18. h3 $15) 18. b4 Bd6 {[%emt 0:00:44] ...e5 would be deadly.} 19. O-O e5 20. fxe5 (20. Nh5 $17) 20... Bxe5 $19 {[%emt 0:00:04] White must now prevent ...Rae8.} 21. Rae1 $2 (21. c3) 21... Rae8 (21... Ng4 $142 22. Bxh7+ Kxh7) 22. Qd1 {[%emt 0:01:16] [#]} ({Much worse is} 22. Qe3 Ng4 23. Qc5 Rxf1+ 24. Bxf1 Rf8) (22. Qf2 $142) 22... Ng4 $1 23. Rxf8+ (23. Kh1 {was called for.} g6 24. h3 Nf2+ 25. Rxf2 Rxf2 26. Nf1) 23... Rxf8 24. Rxe5 Qxe5 25. c3 {[%emt 0:00:06] Against Qd4+} h5 ({Wrong is} 25... Qf6 $2 26. Qe1 $19) 26. Qe1 h4 27. Nf1 {[%emt 0:00:03] [#]} h3 28. Qxe5 (28. gxh3 {keeps fighting.} Qxe1 29. Bxe1) 28... Nxe5 29. Be2 Bg4 30. Bxg4 (30. Ba6 {is the only way for White.}) 30... Nxg4 31. gxh3 {[%emt 0:00:00][%mdl 4096] Endgame KRN-KBN} Ne5 {[%emt 0:00:11][%cal Bg4e5,Be5d3,Bd3f4][%mdl 32] aiming for ...Nf3+.} 32. Be3 a6 33. Kg2 Nd3 34. Nd2 Nf4+ 35. Kf1 Ne6+ 36. Ke2 Rf5 37. h4 (37. Nf3 $142) 37... Kf7 38. Nf3 Ke7 39. h3 (39. Bf2 $142) 39... Kd6 40. Ng5 $2 (40. Ba7 {is tougher.}) 40... Nxg5 41. hxg5 {[%emt 0:00:01] KR-KB} g6 42. h4 (42. Bd4 $142) 42... Ke5 43. Bd2 Ke4 44. Be1 Rf3 45. Bd2 Rh3 46. Be1 Rh2+ 47. Kf1 Kf3 {[%emt 0:00:02][%cal Rh2h1] Black mates.} 48. Kg1 Re2 49. Kf1 Rg2 {[%emt 0:00:09] Weighted Error Value: White=0.66/Black=0.19 (very precise)} 0-1

[Event "AI Cup Div-2 2023"]
[Site "Online"]
[Date "2023.09.26"]
[Round "2.2"]
[White "Keymer, Vincent"]
[Black "Fedoseev, Vladimir"]
[Result "1-0"]
[ECO "D31"]
[WhiteElo "2717"]
[BlackElo "2683"]
[Annotator "TA"]
[PlyCount "141"]
[EventDate "2023.09.18"]
[EventType "k.o."]
[EventCountry "NET"]
[SourceTitle "playchess.com"]
[Source "ChessBase"]
[SourceQuality "1"]
[TimeControl "900+3"]

1. c4 e6 2. Nc3 d5 3. d4 Be7 4. cxd5 exd5 5. Bf4 c6 6. e3 Bf5 7. Nge2 Nf6 8. Ng3 {[%emt 0:00:10] D31: Queen's Gambit Declined: Semi-Slav without ...Nf6 (+ Marshall Gambit and Noteboom) and Exchange Variation lines without ...Nf6.} Bg6 9. h4 h5 10. Bd3 {[%emt 0:00:02] The position is equal.} Bxd3 11. Qxd3 g6 {[%emt 0:00:01] Prevents Nf5.} 12. O-O-O Na6 13. f3 {[%emt 0:01:04] [#]} Bd6 $146 ({Predecessor:} 13... Qd7 14. Kb1 O-O 15. Be5 Qe6 16. a3 Nc5 17. Qc2 Ncd7 18. Bf4 Bd6 19. Rh3 Kg7 20. Bxd6 Qxd6 {1-0 Wang,Y (2723)-Xu,Y (2527) Shenzhen Celebrity 6th rapid 2016 (3)}) 14. Nge2 Bxf4 15. Nxf4 Qd6 16. g3 O-O-O 17. Rhe1 Rhe8 18. e4 dxe4 19. fxe4 {[%emt 0:00:00] And now e5 would win.} Ng4 (19... Nb4 20. Qc4 Qf8 21. a3 $16) 20. Qc4 (20. e5 {is interesting.} Qb4 21. a3 Qb3 22. Ne4) 20... Qd7 21. e5 Kb8 22. Ne4 Nc7 23. Nd6 $36 {[%emt 0:00:34][%cal Od6f7][%mdl 2048] White is in control.} Re7 24. Kb1 {[%emt 0:00:19] White is much more active.} (24. Qb3 $16 b6 25. a3) 24... Ne8 $1 $11 25. Nxf7 Qf5+ $1 $19 (25... Rxf7 26. e6 Qc7 27. exf7 $18) 26. Ka1 Rxf7 27. Ne6 Rdd7 (27... Rc8 $19 {Strongly threatening ...Re7.} 28. Rf1 Qxf1 {[%mdl 64] Decoy} 29. Rxf1 Ne3 30. Rxf7 Nxc4) 28. Nc5 $17 Rde7 {[%emt 0:00:24][%mdl 8192] [#]} (28... Rd5 $17 {...Qc8 would be deadly.} 29. Rf1 Qxf1 {[%mdl 64] Decoy} 30. Rxf1 Ne3 31. Rxf7 (31. Na6+ $2 Kc8 $19) 31... Nxc4 32. Rxb7+ Kc8) 29. e6 $1 $18 Rg7 {[%emt 0:01:14] aiming for ...Nef6.} 30. d5 {[%emt 0:00:01] Threatens to win with dxc6.} Nd6 31. Qb4 a5 {[%emt 0:01:07] [#]} (31... cxd5 $2 32. Na6+ Kc8 33. Qxd6 bxa6 34. Rc1+ Rc7 35. e7 $18) 32. Qxa5 (32. Na6+ $1 $18 {and the rest is easy.} Ka7 33. Qxd6) 32... cxd5 $2 (32... Nc4 $16 33. Nd7+ (33. Qd8+ Ka7 $11) 33... Rxd7 34. exd7 Qxd7) 33. Rxd5 Qxd5 34. Nd7+ {[%emt 0:00:01][%mdl 64] Discovered Attack} Rxd7 35. Qxd5 Rge7 36. Rd1 (36. exd7 $2 {gets mated.} Rxe1+) 36... Rd8 37. Qg5 {[%emt 0:00:17][%csl LRe7,LRg6] Inhibits Ne3.} Ree8 38. a3 ({Weaker is} 38. Qxg6 Ne5 39. Qh6 (39. Qxh5 Rxe6 40. g4 Nec4 $16) 39... Nc6 $18) (38. e7 Rd7 $16) 38... Nf2 39. Rd4 Nfe4 40. Qxg6 Rc8 41. Rxe4 Rg8 (41... Nxe4 $142 42. Qxe4 Rc7) 42. Qxh5 Nxe4 43. Qe5+ Ka8 44. Qxe4 Rxg3 {[%emt 0:00:05][%mdl 4096] Endgame KQ-KRR} 45. e7 (45. Qa4+ $142 Kb8 46. Qf4+ Ka7 47. Qxg3 Kb6 48. Qe3+ Kb5 49. Qe5+ Kb6 50. e7) 45... Rgg8 46. h5 Rce8 47. h6 Kb8 48. h7 Rh8 49. Qe5+ Kc8 50. Qe4 $2 (50. Ka2 $18 Kd7 51. Kb3) 50... Kc7 $2 (50... Kb8 $11 51. Qe5+ Kc8 52. Qf5+ Kc7) 51. Ka2 b6 52. a4 {[%emt 0:00:01] Black must now prevent Qe6.} Kd6 {[%emt 0:00:06] Repels Qe6+} 53. Ka3 Kc7 54. Kb4 {[%emt 0:00:02] Qe6 would kill now.} Ra8 55. b3 {[%emt 0:00:08] White wants to mate with Qe6.} Kd6 {[%emt 0:00:05] Inhibits Qe6+.} 56. Kb5 (56. Kc3 $142 Rhe8 57. Kd4) 56... Rhb8 57. b4 (57. Kc4 $142 Re8 58. Kd4) 57... Kd7 58. Qe5 {[%emt 0:00:03] White mates.} Re8 59. Kxb6 Rab8+ 60. Kc5 Rbc8+ 61. Kd4 Ra8 62. a5 Rh8 63. b5 Rae8 64. a6 Ra8 65. Kc5 Rhc8+ 66. Kb4 Rcb8 67. Ka5 Rc8 68. b6 Re8 69. b7 Rab8 70. Kb6 Rh8 71. a7 {[%emt 0:00:02] Ingenious play by Keymer!   Weighted Error Value: White=0.39/Black=0.40} 1-0

[Event "AI Cup Div-2 2023"]
[Site "Online"]
[Date "2023.09.26"]
[Round "2.2"]
[White "Artemiev, Vladislav"]
[Black "Duda, Jan-Krzysztof"]
[Result "0-1"]
[ECO "A14"]
[WhiteElo "2697"]
[BlackElo "2726"]
[Annotator "TA"]
[PlyCount "48"]
[EventDate "2023.09.18"]
[EventType "k.o."]
[EventCountry "NET"]
[SourceTitle "playchess.com"]
[Source "ChessBase"]
[SourceQuality "1"]
[TimeControl "900+3"]

1. c4 Nf6 2. Nf3 e6 3. b3 d5 4. Bb2 Be7 5. g3 O-O 6. Bg2 c5 7. cxd5 Nxd5 8. O-O Nc6 9. d4 cxd4 10. Nxd4 Nxd4 11. Bxd4 Bd7 {[%emt 0:00:09] A14: English Opening: 1...e6 with b3 by White.} 12. Nd2 Rc8 $5 {[%emt 0:00:23][%mdl 4] Leaves trodden paths.} 13. Nc4 {[%emt 0:00:24] [#]} Bc6 $146 {[%emt 0:01:19] The position is equal.} ({Predecessor:} 13... Bb5 14. Rc1 Bg5 15. e3 b6 16. Qh5 g6 17. Qf3 Bf6 18. Rfd1 Bxd4 19. Rxd4 Qe7 {½-½ Abergel,T (2457)-Delorme,A (2514) FRA-chT Top 12 2017 (11.7)}) 14. Bxa7 (14. a4 {simplifies} b6 15. e3 Nf6 16. Rc1) 14... Nc3 15. Qxd8 Nxe2+ 16. Kh1 Rfxd8 17. Bb6 {[%emt 0:01:25] [#] Bxc6 is the strong threat.} Bxg2+ 18. Kxg2 Rd5 19. Rfe1 Bf6 20. Rad1 {[%emt 0:01:01] aiming for Rxd5.} Nc3 21. Rxd5 Nxd5 22. Be3 {[%emt 0:01:05] [#]} (22. Ba5 $11) 22... b5 $1 $17 {[%emt 0:00:06] Black is more active.} 23. Nd6 Rc2 {[%emt 0:01:03] ...Bc3 would be deadly.} 24. Nxb5 Rxa2 {[%emt 0:00:06] Weighted Error Value: White=0.18 (very precise) /Black=0.02 (flawless)} 0-1

[Event "AI Cup Div-2 2023"]
[Site "Online"]
[Date "2023.09.26"]
[Round "2.2"]
[White "Sarana, Alexey"]
[Black "Caruana, Fabiano"]
[Result "1/2-1/2"]
[ECO "E56"]
[WhiteElo "2693"]
[BlackElo "2786"]
[Annotator "TA"]
[PlyCount "149"]
[EventDate "2023.09.18"]
[EventType "k.o."]
[EventCountry "NET"]
[SourceTitle "playchess.com"]
[Source "ChessBase"]
[SourceQuality "1"]
[TimeControl "900+3"]

1. d4 Nf6 2. c4 e6 3. Nc3 Bb4 4. e3 O-O 5. Bd3 d5 6. Nf3 dxc4 7. Bxc4 c5 8. O-O Nc6 9. a3 Ba5 10. Qd3 h6 {[%emt 0:00:24] E56: Nimzo-Indian: Rubinstein: Main Line: 7...Nc6.} 11. Ne4 cxd4 12. exd4 Bb6 13. Rd1 Nd5 (13... e5 $11) 14. Ba2 Bc7 15. Bd2 b6 16. Rac1 Bb7 17. Bb1 f5 18. Nc3 Nce7 19. Re1 Rf6 20. Ba2 {[%emt 0:01:23] [#]} a6 $146 ({Predecessor:} 20... Nxc3 21. Rxc3 Nd5 22. Rcc1 Qd7 23. Bc4 a6 24. Ne5 Bxe5 25. Rxe5 Rg6 26. g3 a5 27. Rce1 Rf8 {½-½ Schmid,P (2522)-Biedermann,T (2485) USA A email ICCF email 2019}) 21. Re2 Qd7 22. Rce1 Rd8 23. Bc1 Kh8 24. Bd2 b5 25. Ne5 Qe8 26. Qh3 Bxe5 27. Rxe5 Qg6 {[%emt 0:00:37] Wards off Bg5} 28. Ne2 Kg8 29. Bb4 (29. Ba5 {simplifies} Rd6 30. Qg3 Qf7 31. f3) 29... Nxb4 30. Nf4 $2 (30. axb4 $14 {is the one way to stay ahead.} Nd5 31. Bxd5 Bxd5 32. Nf4) 30... Bxg2 $1 $19 (30... Nxa2 31. Nxg6 Rxg6 32. Rxe6 Bxg2 33. Qh4 $11) 31. Qh4 (31. Nxg6 $17 Bxh3 32. Nxe7+ (32. axb4 $2 Rxg6+ 33. Kh1 Bg2+ 34. Kg1 Bd5+ {[%mdl 64] Discovered Attack} 35. Kf1 Bxa2 $19) 32... Kf8 33. axb4 Rxd4 34. R5e3 (34. Rxe6 $2 Rxe6 35. Bxe6 Rg4+ 36. Kh1 Bg2+ 37. Kg1 Be4+ 38. Kf1 Bd3+ {[%mdl 64] Discovered Attack} 39. Re2 Kxe7 $19) 34... Rg4+ 35. Rg3 Kxe7 36. f4) 31... Nxa2 32. Nxg6 Nxg6 33. Qg3 Bd5 (33... Nxe5 34. dxe5 (34. Kxg2 $2 Rg6 $19) 34... f4 35. Qxg2 $18) (33... Be4 $142 34. R1xe4 fxe4 35. Rxe4 Rc8) 34. Rxd5 Rxd5 ({Inferior is} 34... exd5 35. Qb3 $15) 35. Rd1 Kh7 {[%emt 0:00:53] Threatens to win with ...e5.} 36. Qb3 {[%emt 0:00:05] [#]} Nh4 37. Qxa2 $17 Nf3+ 38. Kh1 {[%emt 0:00:00] [#]} (38. Kg2 $15 Nxd4 39. a4) 38... Nxd4 (38... Rg6 $1 $17 39. Qb3 Nxd4) 39. Kg2 (39. b4 $15) 39... Rd8 ({Black should try} 39... Rg6+ 40. Kf1 Rg4) 40. a4 e5 (40... Rg6+ {is interesting.} 41. Kf1 bxa4 42. Qxa4 e5) 41. axb5 axb5 42. Kf1 e4 (42... Rc8 $5 43. Qd5 Rg6 $15) 43. Qa7 (43. h4 $1 $11 {keeps the balance.}) 43... Nc6 44. Qa1 {[%emt 0:00:01] [#]} Nd4 (44... Re8 $1 $17 {White must now prevent ...f4.} 45. Qa6 Re5) 45. Qa7 $11 Rfd6 {[%emt 0:00:05] aiming for ...f4.} 46. Qf7 (46. Qe7 $1 $15) 46... R6d7 $17 47. Qa2 Nf3 48. Rxd7 Rxd7 {[%emt 0:00:00][%mdl 4096] Endgame KQ-KRN} 49. h4 $2 Rd1+ $19 ({Weaker is} 49... Nxh4 50. Qb3 $15) 50. Kg2 Rg1+ 51. Kh3 Rg4 $2 (51... Rh1+ 52. Kg2 Rh2+ 53. Kg3 Rxh4) 52. h5 Rh4+ 53. Kg3 $2 (53. Kg2 $19) 53... f4+ (53... Rxh5 $2 {loses.} 54. b4 $19) 54. Kg2 Rxh5 55. Qa8 Re5 (55... Rh2+ $142 56. Kf1 Rh1+ 57. Kg2 Rg1+ 58. Kh3 Rg6) 56. Kf1 g5 $2 (56... Nh2+ $19 57. Ke1 h5) 57. Qc6 $11 {[%emt 0:00:04] The position is equal.} Kg7 58. b4 h5 59. Qd7+ $1 Kg6 60. Qd6+ Kf5 {[%emt 0:00:03] ...Kg4 would be deadly.} 61. Qd7+ Kf6 62. Qd8+ Kg6 63. Qd6+ Kf7 (63... Kf5 $5 64. Qd7+ Kg6 $11) 64. Qd7+ Kf6 65. Qd8+ Ke6 66. Qe8+ Kd6 67. Qd8+ Kc6 68. Qa8+ Kc7 69. Qa7+ Kd6 70. Qb6+ Ke7 71. Qc7+ Ke6 72. Qc6+ Ke7 73. Qc7+ Ke6 74. Qc6+ Ke7 75. Qc7+ {[%emt 0:00:00] White happily takes the draw.   Weighted Error Value: White=0.42/Black=0.47} 1/2-1/2

[Event "AI Cup Div-2 2023"]
[Site "Online"]
[Date "2023.09.26"]
[Round "2.3"]
[White "Caruana, Fabiano"]
[Black "Sarana, Alexey"]
[Result "0-1"]
[ECO "A09"]
[WhiteElo "2786"]
[BlackElo "2693"]
[Annotator "TA"]
[PlyCount "88"]
[EventDate "2023.09.18"]
[EventType "k.o."]
[EventCountry "NET"]
[SourceTitle "playchess.com"]
[Source "ChessBase"]
[SourceQuality "1"]
[TimeControl "900+3"]

1. Nf3 d5 2. c4 d4 3. b4 f6 4. d3 e5 5. b5 c5 6. g3 {[%emt 0:00:12] A09: Réti Opening: 1 Nf3 d5 2 c4.} Bd6 7. Bg2 f5 8. O-O {[%emt 0:00:04] White is slightly better.} Nf6 9. e3 O-O 10. exd4 exd4 {[%emt 0:00:00] [#]} 11. Re1 $146 ({Predecessor:} 11. Nbd2 Qc7 12. Qb3 Kh8 13. a4 Qf7 14. Ba3 Rd8 15. Rae1 Qh5 16. Re2 Nbd7 17. Qd1 {1-0 Goldsztejn,G (2150)-Rainfray,A (2270) FRA-chT U18 9798 1997 (10)}) 11... a5 12. Na3 Nbd7 {[%emt 0:01:46][%cal Of5f4] [#]} 13. b6 $1 Ra6 (13... Nxb6 14. Nb5) 14. Nb5 Bb8 15. Ng5 (15. Nc7 $16) 15... Rxb6 16. Bd2 (16. Ne6 $6 Rxe6 17. Rxe6 Ne5 18. Rxe5 Bxe5 $11) ({White should try} 16. Ba3 $1 $16) 16... Ra6 $11 17. f4 Re8 {[%emt 0:00:31] Wards off Ne6} 18. Qb3 {[%emt 0:00:30] Threatens to win with Bd5+.} a4 19. Qc2 (19. Qa3 $5 ) 19... Nf8 20. Rxe8 Qxe8 21. Re1 Qd8 22. Nf3 Bd7 23. Ne5 Bc6 24. Nxc6 bxc6 25. Na3 Bc7 26. Bf3 Ba5 27. Nb1 Qb6 ({Better is} 27... h6 $15) 28. Bxa5 (28. Re5 $11) 28... Qxa5 $17 29. Nd2 Rb6 30. Rc1 Ne6 31. Bd1 {[%emt 0:00:50] [#]} Qc3 $1 {[%emt 0:00:43][%mdl 512] Black is more active.} 32. Qxc3 dxc3 33. Nb1 {[%emt 0:00:06] [#]} (33. Rb1 $17 Rb2 34. Rxb2 cxb2 35. Bxa4) 33... c2 $1 $19 34. Bxc2 Nd4 {[%emt 0:00:00] And now ...Ne2+ would win.} 35. Nc3 {[%emt 0:00:02] [#] Wards off Ne2+} Rb2 $1 36. Bxa4 Nf3+ 37. Kf1 Nxh2+ (37... Rxh2 38. Bd1 Ng4 39. Bxf3 $11) 38. Kg1 Nf3+ 39. Kf1 Ng4 40. Ne2 $2 (40. Bc2) 40... Ne3+ 41. Kf2 Nd4 {[%emt 0:00:00] Black is clearly winning.} (41... Rxa2 $2 42. Kxe3 Nh2 43. Bc2 $18) 42. Re1 Ng4+ {[%emt 0:00:10] A dynamic duo of knights.} ({Inferior is} 42... Rxa2 43. Kxe3 Nxe2 44. Bb3 $14) 43. Kf1 Nh2+ ({And not} 43... Rxa2 44. Nxd4 Rf2+ 45. Kg1 cxd4 46. Re8+ (46. Bxc6 Rd2 $17) 46... Kf7 47. Bxc6 $17) 44. Kf2 Nhf3 {[%emt 0:00:02] Weighted Error Value: White=0.31/Black=0.08 (flawless)} 0-1

[Event "AI Cup Div-2 2023"]
[Site "Online"]
[Date "2023.09.26"]
[Round "2.3"]
[White "Andreikin, Dmitry"]
[Black "Dominguez Perez, Leinier"]
[Result "1-0"]
[ECO "D36"]
[WhiteElo "2729"]
[BlackElo "2745"]
[Annotator "TA"]
[PlyCount "85"]
[EventDate "2023.09.18"]
[EventType "k.o."]
[EventCountry "NET"]
[SourceTitle "playchess.com"]
[Source "ChessBase"]
[SourceQuality "1"]
[TimeControl "900+3"]

1. Nf3 Nf6 2. c4 e6 3. Nc3 d5 4. cxd5 exd5 5. d4 c6 6. Qc2 g6 7. Bg5 Be7 8. e3 Bf5 9. Bd3 Bxd3 10. Qxd3 Nbd7 11. O-O O-O 12. Rab1 a5 13. Rfc1 Re8 {[%emt 0:00:19] D36: Queen's Gambit Declined: Exchange Variation: Main line (5 Bg5 c6 6 Qc2).} 14. Nd2 Nh5 15. Bxe7 Qxe7 {[%emt 0:00:00] [#] The position is equal.} 16. a3 $146 ({Predecessor:} 16. b3 f5 17. Re1 Nhf6 18. f3 Nb6 19. Na4 Nc8 20. Rbc1 Nd6 21. Nc3 Kh8 22. Re2 {½-½ Rajesh,V (2410)-Saurabh,A (2210) Chennai op 11th 2019 (4)}) 16... Nhf6 17. Na4 h5 18. h3 h4 19. Qc2 Kg7 20. b4 axb4 21. axb4 b5 22. Nb2 Rec8 23. Nd3 Nb6 24. Ra1 Nc4 25. Qc3 g5 26. Ne5 Qe6 27. Ndf3 Ne4 28. Qe1 f6 29. Nd3 Ra4 30. Nc5 Nxc5 31. dxc5 Rca8 32. Nd4 Qe8 33. Qd1 R8a6 $2 (33... Rxb4 $2 34. Ne6+ Qxe6 35. Rxa8 $18) (33... Nb2 $11 {and Black stays safe.} 34. Qf1 (34. Nf5+ Kg8 $11) 34... Nc4) 34. Nf5+ (34. Rxa4 $18 Rxa4 35. Qg4) 34... Kg6 (34... Kf8 $14) 35. Rxa4 $18 Rxa4 36. Qc2 $36 {[%emt 0:00:16][%mdl 2048] Nd6+ would be deadly. White is in control.} Qe4 37. Ne7+ Kf7 38. Qxe4 ({Of course not} 38. Nxc6 $6 Qxc2 39. Rxc2 Ke8 $11) 38... dxe4 39. Nxc6 Nb2 {[%emt 0:00:10] [#]} 40. Nb8 $2 ({White has to play} 40. Na5 $1 $18 {Strongly threatening c6.} Ke7 41. c6) 40... Nd3 $2 {[%emt 0:00:03][%mdl 8192] [#]} (40... Rxb4 $11 41. Rc2 (41. c6 Rc4 $11) 41... Na4) 41. c6 $1 {[%emt 0:00:00][%cal Bc5c6,Bc6c7][%mdl 32] c7 is the strong threat. White is clearly winning.} Nxc1 (41... Ra7 42. c7) 42. c7 Ne2+ 43. Kh2 {[%emt 0:00:00] Weighted Error Value: White=0.16 (very precise) /Black=0.26 (precise)} 1-0